Map: Ulrena

Players

Novastrike - Winner!

  • Race: Protoss Protoss
  • League: Silver
  • Spawn Location: 11:00

zidar

  • Race: Zerg Zerg
  • League: Silver
  • Spawn Location: 7:00

VOD

Have the link to the VOD?

Description

Time

  • Played on: Jan. 17, 2016, 1:44 p.m.
  • Length: 10:18
Show
View Real Time Build Order
Export as new Build Order

Novastrike Protoss - Winner!

Build Orders: 1 Gate Expand 

Get SALT Encoding   

  12  0:02  Probe (Chrono Boost)  
  13  0:13  Probe (Chrono Boost)  
  14  0:23  Probe (Chrono Boost)  
  15  0:29  Pylon  
  15  0:47  Probe (Chrono Boost)  
  16  0:52  Gateway  
  16  0:56  Assimilator  
  16  0:58  Probe (Chrono Boost)  
  17  1:08  Probe (Chrono Boost)  
  18  1:19  Probe (Chrono Boost)  
  18  1:23  Pylon  
  19  1:29  Probe (Chrono Boost)  
  20  1:38  Nexus  
  20  1:40  Probe (Chrono Boost)  
  21  1:50  Probe (Chrono Boost)  
  21  1:53  Assimilator  
  23  2:01  Probe (Chrono Boost)  
  23  2:06  Cybernetics Core  
  23  2:16  Pylon  
  23  2:26  Probe (Chrono Boost)  
  26  2:44  Mothership Core (Chrono Boost)  
  26  2:46  Adept  
  28  3:01  Probe (Chrono Boost)  
  28  3:03  Probe (Chrono Boost)  
  30  3:12  Probe (Chrono Boost)  
  31  3:13  Adept, Forge  
  33  3:27  Gateway  
  33  3:30  Gateway  
  33  3:31  Pylon  
  31  3:46  Probe (Chrono Boost)  
  31  3:50  Probe (Chrono Boost)  
  31  3:53  Adept  
  34  3:56  Probe (Chrono Boost)  
  34  3:59  Protoss Ground Weapons Level 1  
  34  4:01  Probe (Chrono Boost)  
  36  4:09  Twilight Council  
  36  4:16  Probe x2 (Chrono Boost)  
  38  4:21  Stalker x2  
  38  4:23  Warp Gate  
  42  4:32  Pylon  
  42  4:34  Pylon  
  42  4:40  Assimilator  
  42  4:58  Stalker x3  
  48  5:29  Stalker x3  
  50  5:49  Pylon  
  48  5:54  Probe x2 (Chrono Boost)  
  50  5:59  Assimilator, Stalker  
  52  6:04  Probe x2 (Chrono Boost)  
  52  6:05  Pylon  
  54  6:12  Dark Shrine  
  54  6:15  Probe (Chrono Boost)  
  54  6:18  Probe (Chrono Boost)  
  57  6:25  Probe (Chrono Boost)  
  57  6:27  Gateway  
  57  6:28  Probe (Chrono Boost)  
  57  6:29  Gateway  
  57  6:31  Gateway  
  58  6:33  Gateway  
  58  6:35  Gateway, Protoss Ground Armor Level 1  
  58  6:36  Probe (Chrono Boost)  
  59  6:40  Gateway  
  59  6:44  Stalker  
  61  6:51  Probe x2 (Chrono Boost)  
  65  7:01  Probe x2 (Chrono Boost)  
  65  7:12  Probe (Chrono Boost)  
  66  7:20  Gateway  
  66  7:22  Probe (Chrono Boost)  
  67  7:32  Dark Templar  
  67  7:33  Dark Templar x3  
  67  7:36  Dark Templar x3  
  81  7:51  Dark Templar  
  83  8:14  Dark Templar  
  83  8:15  Dark Templar  
  87  8:41  Stalker x2  
  89  8:43  Stalker  
  81  9:16  Stalker x3  
  81  9:17  Nexus, Stalker x2  
  89  9:36  Stalker x3  
  91  9:51  Probe x2 (Chrono Boost)  
  93  10:01  Probe (Chrono Boost)  
Show
View Real Time Build Order
Export as new Build Order

zidar Zerg 

Build Orders: Hatch First 

Get SALT Encoding   

  12  0:01  Drone  
  13  0:12  Overlord  
  13  0:17  Drone  
  14  0:32  Drone x2  
  14  0:35  Drone  
  17  0:54  Hatchery  
  16  0:57  Drone  
  16  1:20  Spawning Pool  
  16  1:23  Extractor  
  14  1:27  Extractor, Drone x3  
  16  1:42  Drone  
  17  2:06  Drone  
  18  2:14  Queen  
  20  2:18  Hatchery  
  19  2:30  Queen  
  21  2:48  Zergling x6  
  24  2:59  Drone  
  25  3:06  Drone x2  
  25  3:10  Drone  
  28  3:23  Roach Warren  
  24  3:52  Drone  
  24  3:53  Drone x8  
  33  4:14  Extractor  
  33  4:16  Queen  
  34  4:17  Extractor  
  34  4:20  Overlord x2  
  34  4:21  Overlord  
  33  4:35  Metabolic Boost  
  33  4:40  Lair  
  33  4:51  Evolution Chamber  
  32  4:57  Evolution Chamber  
  31  5:00  Overlord  
  33  5:14  Roach x3  
  33  5:15  Roach x4  
  40  5:48  Roach  
  40  5:49  Roach x4  
  50  5:55  Queen  
  52  6:08  Drone x4  
  56  6:20  Ravager  
  56  6:21  Ravager  
  58  6:27  Overlord x2  
  54  6:51  Roach  
  54  6:52  Roach x5  
  66  6:55  Ravager x2  
  66  6:56  Ravager  
  69  7:03  Drone x2  
  69  7:06  Drone  
  72  7:08  Drone  
  72  7:10  Drone  
  74  7:31  Hydralisk Den  
  74  7:32  Zerg Ground Armor Level 1, Zerg Melee Weapons Level 1  
  74  7:36  Drone  
  74  7:38  Overlord  
  72  8:10  Drone  
  72  8:11  Drone x9  
  82  8:17  Overseer  
  52  9:05  Hatchery  
  51  9:10  Hatchery  
Tags
 
Add a new tag
Caveats
  • Supply blocks, unpowered buildings, or Contaminate may cause inaccurate times.
  • Supply counts are checked every 10 seconds.